 Dungeon Crawl Stone Soup version 0.17.0-23-g0de4337 (webtiles) character file.

400 septik the Twirler (level 6, 0/35 HPs)
             Began as a Gargoyle Gladiator on Nov 14, 2015.
             Slain by Menkaure (6 damage)
             ... on level 4 of the Dungeon.
             The game lasted 00:05:08 (3140 turns).

septik the Twirler (Gargoyle Gladiator)             Turns: 3140, Time: 00:05:08

Health: 0/35       AC: 12    Str: 18    XL:     6   Next: 84%
Magic:  6/6        EV: 11    Int:  9    God:
Gold:   166        SH:  0    Dex: 12    Spells: 0 memorised, 5 levels left

rFire  . . .     SeeInvis .     a - +3 quarterstaff
rCold  . . .     Clarity  .     w - +1 ring mail
rNeg   + . .     SustAt   .     (shield currently unavailable)
rPois  ∞         Gourm    .     c - +0 helmet
rElec  +         Spirit   .     (no cloak)
rCorr  .         Warding  .     v - +0 pair of gloves
rMut   .         Stasis   .     (no boots)
MR     .....                    (no amulet)
Stlth  +.........               (no ring)
                                (no ring)

@: not resistant to hostile enchantments, very unstealthy
A: negative energy resistance 1, electricity resistance, unbreathing,
petrification resistance, rot immunity, AC +4
a: no special abilities


You were on level 4 of the Dungeon.
You were not hungry.

You visited 1 branch of the dungeon, and saw 4 of its levels.

You collected 166 gold pieces.

Inventory:

Hand Weapons
 a - a +3 quarterstaff (weapon)
Missiles
 d - 4 throwing nets (quivered)
Armour
 b - a +0 leather armour
 c - a +0 helmet (worn)
 v - a +0 pair of gloves (worn)
 w - a +1 ring mail (worn)
Scrolls
 g - a scroll of teleportation
 i - 2 scrolls of identify
Potions
 f - a potion of flight {unknown}
 h - a potion of heal wounds {unknown}
 k - a potion of magic {unknown}
 l - a potion of degeneration {unknown}
 q - 2 potions of curing
 r - 2 potions of poison {unknown}
 s - a potion of might {unknown}
 t - a potion of brilliance {unknown}
Comestibles
 e - a bread ration
 j - 2 meat rations
 m - a slice of pizza
 n - 2 chunks of flesh


   Skills:
 - Level 2.1 Fighting
 * Level 7.5 Staves
 - Level 1.7 Throwing
 - Level 2.4 Dodging


You had 5 spell levels left.
You didn't know any spells.

Dungeon Overview and Level Annotations

Branches:
Dungeon (4/15)
 Temple: D:4-7

Altars:

Annotations:
D:4 Menkaure


Innate Abilities, Weirdness & Mutations

You are resistant to torment.
Your stone body is resilient (AC +4).
You are immune to poison.
You resist negative energy.
You are resistant to electric shocks.
You can survive without breathing.
You are immune to petrification.
You are immune to rotting.


Message History

You hit Menkaure.
Menkaure is moderately damaged.
Menkaure hits you!
You hit Menkaure.
Menkaure is moderately damaged.
You hit Menkaure.
Menkaure is heavily damaged.
Menkaure closely misses you.
You sock Menkaure!
Menkaure is severely damaged.
Menkaure hits you!!
Ouch! That really hurt!
* * * LOW HITPOINT WARNING * * *
Throwing (i - inventory):
d - 5 throwing nets (quivered)
Press: ? - help, Shift-Dir - straight line, f - Menkaure
Aim: Menkaure (severely damaged)
You throw a throwing net.
The throwing net barely misses Menkaure.
Menkaure hits you.
You die...

#....##### .....
#....##..######....#
#....##............###
#....................
+............##..$.# .
#....##..##..##....##..
#....######..##........
+........#....'........
#........#...##@...##.
#..########.)##M...#
##+ #+###........
.....##.. #....# .
#....# ...... #(....$


You could see Menkaure.

Vanquished Creatures
  Sigmund (D:2)
  Robin (D:2)
  17 adders
  2 worms
  5 ball pythons (D:2)
  9 bats
  2 giant cockroaches
  16 goblins
  7 hobgoblins
  A quokka (D:3)
  A giant gecko (D:1)
  A giant newt (D:1)
  6 jackals
  6 kobolds
  9 rats
84 creatures vanquished.

Notes
Turn   | Place    | Note
--------------------------------------------------------------
     0 | D:1      | septik the Gargoyle Gladiator began the quest for the Orb.
     0 | D:1      | Reached XP level 1. HP: 12/12 MP: 1/1
   236 | D:1      | Reached XP level 2. HP: 4/17 MP: 2/2
   506 | D:1      | Reached skill level 4 in Staves
   542 | D:1      | Reached XP level 3. HP: 18/21 MP: 3/3
   986 | D:2      | Noticed Robin
   992 | D:2      | Killed Robin
  1039 | D:2      | Reached XP level 4. HP: 22/26 MP: 4/4
  1496 | D:2      | Noticed Sigmund
  1519 | D:2      | Killed Sigmund
  1519 | D:2      | Reached skill level 6 in Staves
  1519 | D:2      | Reached XP level 5. HP: 5/30 MP: 5/5
  1519 | D:2      | Reached XP level 6. HP: 5/35 MP: 6/6
  1953 | D:2      | Reached skill level 7 in Staves
  3133 | D:4      | Noticed Menkaure
  3140 | D:4      | Slain by Menkaure

Action                   |  1- 3 |  4- 6 || total
-------------------------+-------+-------++-------
Melee: Quarterstaff      |   121 |   190 ||   311
Throw: Throwing net      |       |     1 ||     1
  Use: Scroll            |       |     9 ||     9
 Stab: Sleeping          |       |     2 ||     2
  Eat: Chunk             |     1 |     6 ||     7
